Unix NetHack Version 5.0.0-0 post-release - last build May 23 2026 06:08:33 (1c0ff79ee797540d5714e4e18072db0edd9e58ae,branch:main).

Game began 2026-05-25 16:43:28, ended 2026-05-25 19:56:26.

DeathOnAStick, neutral male human Tourist

                #
        ----------                           #
        |`........           --------      --------
        |........|          #........#     |.`....|
        |........|     ######|....{.|      |......|     ------#
        ---|-.----     #     |......|     #...)...|     |....-#
           #`###       #     |......|     #|......|     |....|#### #  ---.-
             ####      #     -+---.--#    #|.......#%%##-....|####### +...|
               ##      "             #    #--------     ------     #  |...|
               ##  #   #                  #                        ###...<|
                ####   #                  #                           -----
                #  ##########             #
       ---------|- #        ###           #
       |........(| ##         ###         #
       |....f....|             #    #---  #
       |.d.@fa.^.|     --------.-####....|#
       |.:*.q....+ #   |........-#  #|.(.[#           |
       -----------     .........|    .\..|
                       |........|    ---
                       ----------

DeathOnAStick the Peregrinator  St:13 Dx:13 Co:18 In:12 Wi:8 Ch:17  Neutral S:20221
Dlvl:11 $:0  HP:0(98) Pw:46(46) AC:10 Xp:10/6304 T:8515 

Latest messages:
 The leocrotta hits!
 The leocrotta bites!
 You return to human form!
 You can see again.
 Your movements are now unencumbered.
 The leocrotta hits!
 Are you waiting to get hit?  Use 'm' prefix to force a no-op (to rest).
 Are you waiting to get hit?  Use 'm' prefix to force a no-op (to rest).
 Are you waiting to get hit?  Use 'm' prefix to force a no-op (to rest).
 Are you waiting to get hit?  Use 'm' prefix to force a no-op (to rest).
 Are you waiting to get hit?  Use 'm' prefix to force a no-op (to rest).
 Are you waiting to get hit?  Use 'm' prefix to force a no-op (to rest).
 Are you waiting to get hit?  Use 'm' prefix to force a no-op (to rest).
 Are you waiting to get hit?  Use 'm' prefix to force a no-op (to rest).
 Are you waiting to get hit?  Use 'm' prefix to force a no-op (to rest).
 Are you waiting to get hit?  Use 'm' prefix to force a no-op (to rest).
 Are you waiting to get hit?  Use 'm' prefix to force a no-op (to rest).
 Are you waiting to get hit?  Use 'm' prefix to force a no-op (to rest).
 Are you waiting to get hit?  Use 'm' prefix to force a no-op (to rest).
 Are you waiting to get hit?  Use 'm' prefix to force a no-op (to rest).
 Are you waiting to get hit?  Use 'm' prefix to force a no-op (to rest).
 Are you waiting to get hit?  Use 'm' prefix to force a no-op (to rest).
 Are you waiting to get hit?  Use 'm' prefix to force a no-op (to rest).
 Are you waiting to get hit?  Use 'm' prefix to force a no-op (to rest).
 What do you want to throw? [*] <esc>
 Never mind.
 a - an uncursed runed dagger named Sting.
 The leocrotta hits!
 The leocrotta bites!
 The leocrotta hits!
 Fido5 drops a violet gem.
 Are you waiting to get hit?  Use 'm' prefix to force a no-op (to rest).
 You begin bashing monsters with your bare hands.
 You hit the leocrotta.
 You hit the leocrotta.
 The leocrotta hits!
 The leocrotta bites!
 The leocrotta hits!
 The leocrotta hits!
 The leocrotta bites!
 The leocrotta hits!
 You hit the leocrotta.
 The leocrotta hits!
 The leocrotta bites!
 You die...
 Do you want your possessions identified? [ynq] (y) y
 Do you want to see your attributes? [ynq] (y) y
 Do you want an account of creatures vanquished? [ynaq] (y) y
 Do you want to see your conduct and achievements? [ynq] (y) y
 Do you want to see the dungeon overview? [ynq] (y) y

Inventory:
 Amulets  ('"')
  y - an uncursed amulet of ESP (being worn)
 Weapons  (')')
  a - the +1 Sting
 Armor    ('[')
  F - an uncursed +0 cloak of protection
  u - an uncursed +0 dwarvish mithril-coat
 Comestibles  ('%')
  V - an uncursed carrot
  W - an uncursed cream pie
  C - an uncursed food ration
  z - an uncursed sprig of wolfsbane
  M - an uncursed lizard corpse
 Scrolls  ('?')
  e - 2 uncursed scrolls of teleportation
 Potions  ('!')
  R - an uncursed potion of invisibility
  j - an uncursed potion of levitation
  l - an uncursed potion of paralysis
  O - an uncursed potion of restore ability
  b - an uncursed potion of sickness
 Rings    ('=')
  n - a cursed ring of free action
  T - an uncursed +1 ring of gain constitution
  U - a cursed ring of polymorph control
  S - an uncursed ring of see invisible
 Wands    ('/')
  G - a cursed wand of digging (0:6)
  r - a wand of light (0:11)
  L - a wand of sleep (0:8)
  k - a wand of sleep (0:6)
  I - a wand of slow monster (0:3)
  v - a wand of speed monster (0:8)
  g - a wand of striking (0:3)
  J - a wand of undead turning (0:6)
 Tools    ('(')
  f - an uncursed bag of holding containing 50 items
  o - an uncursed magic whistle
  x - an uncursed skeleton key
  s - an uncursed towel
 Gems/Stones  ('*')
  Q - 2 uncursed luckstones

Contents of the bag of holding:
  5125 gold pieces
  3 +2 darts
  14 +0 darts
  a cursed +0 pair of jumping boots
  an uncursed +0 pair of water walking boots
  an uncursed +0 cloak of magic resistance
  7 uncursed randomfruits
  an uncursed cream pie
  an uncursed food ration
  an uncursed lembas wafer
  a blessed scroll of blank paper
  3 uncursed scrolls of blank paper
  a blessed scroll of create monster
  a blessed scroll of destroy armor
  a cursed scroll of destroy armor
  a cursed scroll of enchant weapon
  a blessed scroll of food detection
  a blessed scroll of light
  a cursed scroll of light
  an uncursed potion of gain ability
  2 uncursed potions of healing
  a cursed potion of healing
  2 uncursed potions of sleeping
  a cursed wand of make invisible (0:3)
  a wand of nothing (0:14)
  a wand of polymorph (0:5)
  a blessed wand of slow monster (0:5)
  a wand of stasis (0:3)
  an empty uncursed oilskin sack
  an empty uncursed sack
  an empty uncursed sack
  an expensive camera (0:67)
  a cursed magic marker (1:50)
  a +0 pick-axe
  an uncursed partly used wax candle
  2 uncursed amethyst stones
  an uncursed citrine stone
  2 uncursed diamonds
  3 uncursed emeralds
  an uncursed garnet stone
  2 uncursed rubies
  an uncursed worthless piece of black glass
  4 uncursed worthless pieces of blue glass
  4 uncursed worthless pieces of green glass
  3 uncursed worthless pieces of orange glass
  2 uncursed worthless pieces of red glass
  3 uncursed worthless pieces of violet glass
  2 uncursed worthless pieces of white glass
  7 uncursed worthless pieces of yellow glass
  6 uncursed worthless pieces of yellowish brown glass

DeathOnAStick the Tourist's attributes:

Background:
 You were a Peregrinator, a level 10 male human Tourist.
 You were neutral, on a mission for The Lady
 who was opposed by Blind Io (lawful) and Offler (chaotic).
 You were right-handed.
 You were in the Dungeons of Doom, on level 11.
 You entered the dungeon 8515 turns ago.
 You had 6304 experience points, 3696 more were needed to attain level 11.
 Your score was 20221 before end-of-game adjustments.

Basics:
 You had 0 out of 98 hit points.
 You had all 46 energy points (spell power).
 Your armor class was 10.
 Your wallet was empty, but
 you had 5125 zorkmids stashed away in your pack.
 Autopickup was off.

Final Characteristics:
 Your strength was 13 (limit:18/100).
 Your dexterity was 13 (limit:18).
 Your constitution was 18 (limit:18).
 Your intelligence was 12 (limit:18).
 Your wisdom was 8 (limit:18).
 Your charisma was 17 (limit:18).

Final Status:
 You weren't hungry.
 You were unencumbered.
 You were bare handed.
 You were unskilled in bare handed combat.
 You weren't wearing any armor.

Final Attributes:
 You were piously aligned.
 You were telepathic.
 You had automatic searching.
 You were fast.
 You were lucky.
 You had extra luck.
 Bad luck did not time out for you.
 Good luck did not time out for you.
 You are dead.

Miscellaneous:
 You encountered 1 bones level.
 Total elapsed playing time was 2 hours, 32 minutes and 34 seconds.

Major events:
 Turn
    1: DeathOnAStick the neutral male human Tourist entered the dungeon
  527: attained the rank of Sightseer (level 3)
 2121: entered the Gnomish Mines
 2541: attained the rank of Excursionist (level 6)
 3130: reached Mine Town
 3274: read a Discworld novel
 5230: acquired the Mines' End luckstone
 5982: chose a runed dagger to be named "Sting"
 6921: attained the rank of Peregrinator (level 10)
 8515: killed by a leocrotta

You didn't know any spells.

Skills:
 Fighting Skills
   bare handed combat [Unskilled]
   two weapon combat  [Unskilled]
   riding             [Unskilled]
 Weapon Skills
   dagger             [Expert]
   knife              [Unskilled]
   axe                [Unskilled]
   pick-axe           [Unskilled]
   short sword        [Unskilled]
   broadsword         [Unskilled]
   long sword         [Unskilled]
   two-handed sword   [Unskilled]
   saber              [Unskilled]
   mace               [Unskilled]
   morning star       [Unskilled]
   flail              [Unskilled]
   hammer             [Unskilled]
   quarterstaff       [Unskilled]
   polearms           [Unskilled]
   spear              [Unskilled]
   trident            [Unskilled]
   lance              [Unskilled]
   bow                [Unskilled]
   sling              [Unskilled]
   crossbow           [Unskilled]
   dart               [Skilled]
   shuriken           [Unskilled]
   boomerang          [Unskilled]
   whip               [Unskilled]
   unicorn horn       [Unskilled]
 Spellcasting Skills
   divination spells  [Unskilled]
   enchantment spells [Unskilled]
   escape spells      [Unskilled]

Voluntary challenges:
 Character rerolling was not enabled.
 You never genocided any monsters.
 You never polymorphed an object.
 You used no wishes.
Achievements:
 You entered a shop.
 You attained the rank of Sightseer.
 You entered the Gnomish Mines.
 You attained the rank of Excursionist.
 You entered Minetown.
 You entered a temple.
 You read from a Discworld novel.
 You completed the Gnomish Mines.
 You attained the rank of Peregrinator.

 The Dungeons of Doom: levels 1 to 11
    Level 1:
       Many fountains.
    Level 2:
       An armor shop.
    Level 3:
       An armor shop, a fountain.
    Level 4:
       A general store, a fountain.
       Stairs down to The Gnomish Mines.
    Level 5:
    Level 6:
       A grave.
       Final resting place for
          pootin-Wiz-Orc-Mal-Cha, killed by a plains centaur.
    Level 7:
       A general store, a fountain.
    Level 8:
       Many fountains.
       Oracle of Delphi.
    Level 9:
       A fountain.
    Level 10:
       A fountain.
    Level 11: <- You were here.
       A throne, a fountain.
       Final resting place for
          you, killed by a leocrotta.
 The Gnomish Mines: levels 5 to 12
    Level 5:
    Level 6:
    Level 7:
    Level 8:
       Many shops, a temple and an altar, some fountains.
    Level 9:
    Level 10:
    Level 11:
    Level 12:


Vanquished creatures:
  a ghost
  a giant zombie
  a small mimic
  a xan
  a tiger
  a mountain centaur
  4 stone giants
  a wraith
  a leather golem
  a watchman
  3 giant beetles
  a cockatrice
  2 panthers
 14 leprechauns
  2 giant spiders
  a scorpion
  2 gnome rulers
  2 ogres
 an owlbear
  a werewolf
  2 lizards
  a dingo
  a jaguar
  3 dwarf leaders
  a dust vortex
  a raven
  a plains centaur
  a snake
 an ape
  a rope golem
  a Woodland-elf
  6 soldier ants
  a bugbear
 an imp
  a quasit
  a water nymph
  3 Uruk-hai
  2 rock piercers
  a violet fungus
 15 gnome leaders
  7 gnomish wizards
  a ghoul
  2 paper golems
  8 giant ants
  a little dog
  2 floating eyes
  a kitten
 18 dwarves
  a homunculus
 16 hill orcs
  5 rothes
  2 giant bats
  5 iguanas
  6 killer bees
 an acid blob
  3 coyotes
  4 hobbits
  a large kobold
  2 hobgoblins
  2 giant rats
  6 cave spiders
  2 yellow molds
  a green mold
  a red mold
 55 gnomes
  a gnome zombie
  3 geckos
  4 jackals
  2 foxes
  2 kobolds
  a goblin
  3 sewer rats
  5 grid bugs
  a bat
  2 lichens
  2 kobold zombies
  7 newts
273 creatures vanquished.

No species were genocided or became extinct.

Game over:
                       ----------
                      /          \
                     /    REST    \
                    /      IN      \
                   /     PEACE      \
                  /                  \
                  |  DeathOnAStick   |
                  |     5125 Au      |
                  |   killed by a    |
                  |    leocrotta     |
                  |                  |
                  |                  |
                  |       2026       |
                 *|     *  *  *      | *
        _________)/\\_//(\/(/\)/\//\/|_)_______

Aloha DeathOnAStick the Tourist...

You died in The Dungeons of Doom on dungeon level 11 with 19796 points,
and 5125 pieces of gold, after 8515 moves.
You were level 10 with a maximum of 98 hit points when you died.

